 Dungeon Crawl Stone Soup version 0.31-a0-1074-g0b22e4e0f1 (webtiles) character file.

Game seed: 3709783070436939337

1601 Rennog the Ruffian (level 8, -7/61 HPs)
             Began as a Gnoll Shapeshifter on Dec 8, 2023.
             Was an Initiate of Gozag.
             Mangled by a kobold
             ... wielding a +2 whip of electrocution
              (13 damage)
             ... on level 4 of the Dungeon.
             The game lasted 00:08:31 (4088 turns).

Rennog the Ruffian (Gnoll Shapeshifter)             Turns: 4088, Time: 00:08:35

Health: -7/61      AC: 11    Str: 16    XL:     8   Next: 94%
Magic:  13/13      EV: 12    Int:  9    God:    Gozag
Gold:   828        SH:  0    Dex: 12    Spells: 12/14 levels left

rFire   . .          .
                       - Unarmed
rCold   . . .        (shield currently unavailable)
rNeg    . . .        k - +0 ring mail
rPois   .            (no helmet)
rElec   .            (no cloak)
rCorr   .            (no gloves)
SInv    .            h - +0 pair of boots
Will    .....        (no amulet)
Stlth   +            s - +4 ring of protection
HPRegen 0.30/turn    (no ring)
MPRegen 0.13/turn

%: no passive effects
@: flux-form, gold aura, glowing, studying Long Blades
A: glow, contaminating, fangs 1, strong nose, distributed training
a: Begin Untransformation, Renounce Religion, Potion Petition, Call Merchant,
Bribe Branch


You were on level 4 of the Dungeon.
You worshipped Gozag.
Gozag was pleased with you.
You were something dangerously unstable.
You visited 1 branch of the dungeon, and saw 5 of its levels.

You collected 828 gold pieces.

Inventory:

Armour
 a - a +0 animal skin
 h - a +0 pair of boots (worn)
 k - a +0 ring mail (worn)
Jewellery
 q - a ring of protection from cold
 s - a +4 ring of protection (left hand)
Talismans
 c - a beast talisman
 d - a flux talisman (active)
 m - a storm talisman
Wands
 u - a wand of roots (5)
 x - a wand of flame (22)
Scrolls
 e - 2 scrolls of immolation {unknown}
 f - 3 scrolls of blinking {unknown}
 i - 3 scrolls of identify {unknown}
 n - 2 scrolls of fog {unknown}
 t - a scroll of summoning {unknown}
 v - a scroll of noise {unknown}
 w - a scroll of vulnerability {unknown}
Potions
 b - a potion of lignification
 g - 2 potions of attraction {unknown}
 j - 3 potions of heal wounds {unknown}
 l - a potion of invisibility {unknown}
 o - 2 potions of magic {unknown}
 p - a potion of berserk rage {unknown}
 r - 2 potions of degeneration {unknown}
 z - a potion of resistance {unknown}


   Skills:
 + Level 4.6 Fighting
 + Level 3.7 Short Blades
 + Level 4.1 Long Blades
 + Level 3.7 Axes
 + Level 3.7 Maces & Flails
 + Level 3.7 Polearms
 + Level 3.7 Staves
 + Level 3.7 Ranged Weapons
 + Level 3.7 Throwing
 + Level 3.7 Armour
 + Level 6.0 Dodging
 + Level 3.7 Stealth
 + Level 3.7 Shields
 + Level 7.6 Unarmed Combat
 + Level 3.7 Spellcasting
 + Level 3.1 Conjurations
 + Level 3.1 Hexes
 + Level 3.1 Summonings
 + Level 3.1 Necromancy
 + Level 3.1 Translocations
 + Level 3.1 Transmutations
 + Level 3.1 Fire Magic
 + Level 3.1 Ice Magic
 + Level 3.1 Air Magic
 + Level 3.1 Earth Magic
 + Level 3.1 Poison Magic
 + Level 4.1 Invocations
 + Level 3.7 Evocations
 + Level 7.4 Shapeshifting


You had 12 spell levels left.
You knew the following spells:

 Your Spells              Type           Power      Damage    Failure   Level
a - Blink                 Tloc           14%        N/A       22%         2

Your spell library contained the following spells:

 Spells                   Type           Power      Damage    Failure   Level
 Cigotuvi's Dreadful Rot  Necr/Pois/Air  14%        N/A       22%         2
 Ensorcelled Hibernation  Hex/Ice        14%        N/A       22%         2
 Jinxbite                 Hex            14%        N/A       22%         2
 Lesser Beckoning         Tloc           14%        N/A       22%         2
 Momentum Strike          Conj/Tloc      14%        3d8       22%         2
 Ignite Poison            Fire/Tmut/Pois 7%         N/A       38%         3
 Anguish                  Hex/Necr       3%         N/A       80%         4
 Freezing Cloud           Conj/Ice/Air   3%         6-21      98%         5
 Chain Lightning          Conj/Air       3%         3d4       100%        9
 Fire Storm               Conj/Fire      3%         8d1       100%        9
 Shatter                  Erth           3%         3d7*      100%        9


Dungeon Overview and Level Annotations

Branches:
Dungeon (5/15)
 Temple: D:4-7

Altars:
Gozag

Shops:
D:4 ?

Annotations:
D:4 Dowan


Innate Abilities, Weirdness & Mutations

You are something dangerously unstable.
You glow with magical radiation, making you easy to see and hit.
Foes you strike become dangerously contaminated with magical radiation.
You are incapable of wielding weapons or throwing items.
You have very sharp teeth.
Your uncanny sense of smell can sniff out nearby items.
Your experience applies equally to all skills.


Message History

You bite the shadow imp, but do no damage.
The shadow imp is lightly wounded.
The endoplasm freezes you.
You are frozen.
The shadow imp gestures at you. Pain shoots through your body!
The kobold hits you with a +2 whip of electrocution.
You hit the shadow imp.
The shadow imp glows dangerously bright.
The shadow imp is severely wounded.
The endoplasm freezes you.
You are frozen.
* * * LOW HITPOINT WARNING * * *
The shadow imp barely misses you.
The kobold hits you with a +2 whip of electrocution.
* * * LOW HITPOINT WARNING * * *
You hit the shadow imp.
The shadow imp shudders as magic cascades through it.
You kill the shadow imp!
The endoplasm freezes you.
You are frozen.
* * * LOW HITPOINT WARNING * * *
The kobold hits you but does no damage.
You hit the endoplasm.
The endoplasm begins to glow.
You bite the endoplasm, but do no damage.
The endoplasm is lightly wounded.
You hit the endoplasm.
The endoplasm glows dangerously bright.
You bite the endoplasm.
The endoplasm is heavily wounded.
The kobold barely misses you. The endoplasm freezes you.
You are frozen.
* * * LOW HITPOINT WARNING * * *
You punch the endoplasm!
You kill the endoplasm!
The kobold hits you with a +2 whip of electrocution.
* * * LOW HITPOINT WARNING * * *
You are electrocuted!
You die...
Your body crumbles into a pile of gold.

............ .....
...........##......
..........[...>....
##.................
....................
#...#..............# ..
...#.#...........# ..
#..
...∩...#...$$...##.#...
# .#.#......Kp...#..#.#
#.#...#....).....#....##
...........#..........#
##..g#.....#.......)..##
###.....#..............
.# #.<...#.........#....
.. #........#...##....#[
.. ...##.....#.... ....#
.. ..... ...........
..... ..


You could see a kobold.

Vanquished Creatures
  Sigmund (D:2)
  A yak (D:5)
  Edmund (D:4)
  An ogre (D:4)
  2 phantoms
  A bullfrog (D:5)
  3 scorpions
  A gnoll sergeant (D:5)
  2 howler monkeys
  A hound (D:5)
  2 gnoll boudas (D:5)
  3 iguanas (D:5)
  Natasha (thrice) (D:3)
  4 orc wizards (D:5)
  Robin (D:3)
  6 gnolls (D:5)
  7 adders
  A shadow imp (D:4)
  2 worms (D:2)
  A dart slug (D:2)
  13 orcs
  8 endoplasms
  A giant cockroach (D:2)
  19 goblins
  8 hobgoblins
  5 jackals
  8 kobolds
  6 quokkas
  11 ball pythons
  7 bats
  5 frilled lizards
  4 rats
139 creatures vanquished.

Notes
Turn   | Place    | Note
-------+----------+-------------------------------------------
     0 | D:1      | Rennog the Gnoll Shapeshifter began the quest for the Orb.
     0 | D:1      | Reached XP level 1. HP: 17/17 MP: 1/1
    98 | D:1      | Reached XP level 2. HP: 21/23 MP: 2/2
   312 | D:1      | Reached XP level 3. HP: 26/28 MP: 3/3
   667 | D:2      | Found a faded altar of an unknown god.
   680 | D:2      | Reached skill level 1 in Invocations
   684 | D:2      | Reached skill level 1 in Short Blades
   684 | D:2      | Reached skill level 1 in Long Blades
   684 | D:2      | Reached skill level 1 in Axes
   684 | D:2      | Reached skill level 1 in Maces & Flails
   684 | D:2      | Reached skill level 1 in Polearms
   684 | D:2      | Reached skill level 1 in Staves
   684 | D:2      | Reached skill level 1 in Ranged Weapons
   684 | D:2      | Reached skill level 1 in Throwing
   684 | D:2      | Reached skill level 1 in Armour
   684 | D:2      | Reached skill level 1 in Stealth
   684 | D:2      | Reached skill level 1 in Shields
   684 | D:2      | Reached skill level 1 in Spellcasting
   684 | D:2      | Reached skill level 1 in Evocations
   690 | D:2      | Prayed at the altar of an unknown god.
   690 | D:2      | Became a worshipper of Gozag Ym Sagoz the Greedy
   723 | D:2      | Reached XP level 4. HP: 19/34 MP: 5/5
   747 | D:2      | Noticed Sigmund
   899 | D:2      | Reached skill level 1 in Conjurations
   899 | D:2      | Reached skill level 1 in Hexes
   899 | D:2      | Reached skill level 1 in Summonings
   899 | D:2      | Reached skill level 1 in Necromancy
   899 | D:2      | Reached skill level 1 in Translocations
   899 | D:2      | Reached skill level 1 in Transmutations
   899 | D:2      | Reached skill level 1 in Fire Magic
   899 | D:2      | Reached skill level 1 in Ice Magic
   899 | D:2      | Reached skill level 1 in Air Magic
   899 | D:2      | Reached skill level 1 in Earth Magic
   899 | D:2      | Reached skill level 1 in Poison Magic
  1304 | D:3      | Noticed Natasha
  1310 | D:3      | Killed Natasha
  1311 | D:3      | Reached XP level 5. HP: 37/40 MP: 5/7
  1795 | D:3      | Noticed Natasha
  1796 | D:3      | Noticed a phantom
  1817 | D:3      | Killed Natasha
  1823 | D:3      | Killed a phantom
  1824 | D:3      | Reached XP level 6. HP: 26/47 MP: 8/8
  2105 | D:3      | Noticed Natasha
  2107 | D:3      | Noticed Robin
  2116 | D:3      | Killed Natasha
  2117 | D:3      | Reached skill level 5 in Dodging
  2121 | D:3      | Killed Robin
  2298 | D:4      | Found Vohe's Magic Scroll Shop.
  2410 | D:4      | Noticed Edmund
  2435 | D:4      | Killed Edmund
  2501 | D:4      | Reached XP level 7. HP: 46/52 MP: 10/10
  2648 | D:4      | Noticed Dowan
  2656 | D:5      | Entered Level 5 of the Dungeon
  2987 | D:5      | Reached XP level 8. HP: 34/60 MP: 12/12
  3370 | D:5      | Noticed a yak
  3387 | D:5      | Killed a yak
  3454 | D:5      | Learned a level 2 spell: Blink
  3919 | D:2      | Killed Sigmund
  4088 | D:4      | Mangled by a kobold

Illustrated notes

Levels and vault maps discovered:
D:1:      amcnicky_arrival_wind_blow, layout_rooms
D:2:      layout_rooms, dreamdust_ecumenical_altar_statues, uniq_sigmund
D:3:      layout_basic, minmay_door_square, grunt_ministairs_12, uniq_robin,
          uniq_natasha
D:4:      layout_cave_pools, lemuel_doored_altar, serial_shops,
          nicolae_shop_advertising_works [nicolae_subvault_shop_adworks],
          uniq_edmund, uniq_duvessa
D:5:      layout_loops_ring, minmay_manual_monstrance

Skill      XL: |  1  2  3  4  5  6  7  8 |
---------------+-------------------------+-----
Invocations    | 1 2 3 4 |  4.1
Short Blades   | 1 2 3 |  3.7
Long Blades    | 1 2 4 |  4.1
Axes           | 1 2 3 |  3.7
Maces & Flails | 1 2 3 |  3.7
Polearms       | 1 2 3 |  3.7
Staves         | 1 2 3 |  3.7
Ranged Weapons | 1 2 3 |  3.7
Throwing       | 1 2 3 |  3.7
Armour         | 1 2 3 |  3.7
Stealth        | 1 2 3 |  3.7
Shields        | 1 2 3 |  3.7
Spellcasting   | 1 2 3 |  3.7
Evocations     | 1 2 3 |  3.7
Conjurations   | 1 2 3 |  3.1
Hexes          | 1 2 3 |  3.1
Summonings     | 1 2 3 |  3.1
Necromancy     | 1 2 3 |  3.1
Translocations | 1 2 3 |  3.1
Transmutations | 1 2 3 |  3.1
Fire Magic     | 1 2 3 |  3.1
Ice Magic      | 1 2 3 |  3.1
Air Magic      | 1 2 3 |  3.1
Earth Magic    | 1 2 3 |  3.1
Poison Magic   | 1 2 3 |  3.1
Fighting       | 3 4 |  4.6
Dodging        | 5 6 |  6.0
Unarmed Combat | 7 |  7.6
Shapeshifting  | 7 |  7.4

Action                     |  1- 3 |  4- 6 |  7- 9 || total
---------------------------+-------+-------+-------++-------
  Melee: Unarmed           |   104 |   188 |   171 ||   463
         Bite              |    10 |    14 |    23 ||    47
   Stab: Distracted        |       |     1 |     2 ||     3
 Armour: Animal skin       |    26 |       |       ||    26
         Ring mail         |    41 |   107 |    91 ||   239
  Dodge: Dodged            |   101 |   109 |    65 ||   275
   Form: Flux              |     1 |       |       ||     1

Table legend: (Time is in decaauts)
 A = Elapsed time spent in this place.
 B = Non-inter-level travel time spent in this place.
 C = Inter-level travel time spent in this place.
 D = Time resting spent in this place.
 E = Time spent auto-exploring this place.
 F = Levels seen in this place.
 G = Mean time per level.
                   A        B        C        D        E       F      G
               +--------+--------+--------+--------+--------+-----+--------+
         Total |   4035 |   3675 |    360 |    125 |   2618 |   5 |  807.0 |
       Dungeon |   4035 |   3675 |    360 |    125 |   2618 |   5 |  807.0 |
               +--------+--------+--------+--------+--------+-----+--------+

Top non-repeatable levels by time:
     D:3: 1204 daAuts
     D:5: 997 daAuts
     D:1: 824 daAuts
     D:2: 662 daAuts
     D:4: 346 daAuts
